 Dungeon Crawl Stone Soup version 0.28-a0-1087-gf3fc490d9d (webtiles) character file.

Game seed: 4915806008109961962

32 ytrimaz the Insei (level 3, -3/23 HPs)
             Began as an Octopode Transmuter on Dec 10, 2021.
             Slain by a goblin (4 damage)
             ... led by Robin
             ... on level 2 of the Dungeon.
             The game lasted 00:00:53 (1823 turns).

ytrimaz the Insei (Octopode Transmuter)             Turns: 1823, Time: 00:00:53

Health: -3/23      AC:  1    Str:  9    XL:     3   Next: 25%
Magic:  6/6        EV: 13    Int: 17    God:
Gold:   18         SH:  0    Dex: 12    Spells: 0/6 levels left

rFire   . . .      SeeInvis .     - Unarmed
rCold   . . .      Faith    .   (no shield)
rNeg    . . .      Spirit   .   (helmet restricted)
rPois   .          Reflect  .   (no amulet)
rElec   .          Harm     .   (no ring)
rCorr   .          Rampage  .   (no ring)
Will    .....                   (no ring)
Stlth   ++........              (no ring)
HPRegen 0.07/turn               (no ring)
MPRegen 0.10/turn               (no ring)
                                (no ring)
                                (no ring)

@: no status effects
A: almost no armour, amphibious, 8 rings, camouflage 1, gelatinous body 1,
(nimble swimmer 1), tentacles
a: no special abilities


You were on level 2 of the Dungeon.
You visited 1 branch of the dungeon, and saw 2 of its levels.

You collected 18 gold pieces.

Inventory:

Potions
 a - 2 potions of flight {unknown}
 c - 2 potions of curing {unknown}


   Skills:
 * Level 1.3 Fighting
 - Level 2.0 Dodging
 + Level 3.4 Unarmed Combat
 * Level 2.4 Spellcasting
 * Level 2.4 Transmutations


You couldn't memorise any spells.
You knew the following spells:

 Your Spells              Type           Power      Damage    Failure   Level
a - Beastly Appendage     Tmut           20%        N/A       7%          1
b - Wereblood             Tmut           10%        N/A       11%         2
c - Spider Form           Tmut/Pois      6%         N/A       34%         3

Your spell library contained the following spells:

 Spells                   Type           Power      Damage    Failure   Level
 Ice Form                 Ice/Tmut       6%         N/A       75%         4


Dungeon Overview and Level Annotations

Branches:
Dungeon (2/15)

Altars:

Annotations:
D:2 Robin


Innate Abilities, Weirdness & Mutations

You cannot wear most types of armour.
You are amphibious.
You can wear up to eight rings at the same time.
Your skin changes colour to match your surroundings (Stealth+).
Your rubbery body absorbs attacks. (AC +1, EV +1)
((You are camouflaged near water. (Stealth+)))
You have tentacles for arms and can constrict up to eight enemies at once.


Message History

You see here a rat corpse.
Your tentacle spike disappears.
Key pressed, stopping explore.
No target in view! 2 goblins come into view.
The goblin shouts!
You hear a shout! x2
The goblin moves out of view.
A goblin and 2 hobgoblins come into view.
The goblin shouts!
A goblin comes into view. It is wielding a +1 dagger of draining.
A goblin comes into view. It is wielding a +0 dagger.
There are monsters nearby! 2 goblins and Robin come into view.
Robin shouts!
The goblin shouts!
The hobgoblin shouts!
A hobgoblin comes into view.
Robin roars a battlecry!
The goblins go into a battle-frenzy!
The hobgoblin shouts!
The hobgoblin shouts!
A hobgoblin comes into view.
The goblin hits you with a +0 dagger.
A goblin comes into view. It is wielding a +0 club.
The hobgoblin barely misses you. The goblin hits you but does no damage.
The goblin barely misses you. Robin throws the goblin at you!
The goblin hits you with a +0 club.
Unknown command.
You miss the goblin.
The goblin shouts!
Your grab misses the goblin. The hobgoblin hits you.
The goblin hits you with a +0 dagger. The goblin closely misses you.
The goblin barely misses you.
Unknown command.
You tentacle-slap the goblin.
You kill the goblin!
The hobgoblin barely misses you. The goblin hits you with a +0 dagger.
* * * LOW HITPOINT WARNING * * *
The goblin barely misses you.
You barely miss the goblin. You grab the goblin. You constrict the goblin.
The hobgoblin closely misses you. The goblin hits you with a +0 dagger.
You die...

#...........#
##...####†#### #
##.###.###..... #. ##.##
##.####### #.. #..# #.#
##### #...#####..## ##<#
#....
....gg.g#.#.###.####....
.....gggg.....<###..)...
...gggg@#.##.......#....
#..g#####......##..#....
#. ####.####..##### #.#
#..##... #.####..##.##
#.......##.##
######...†... #.###.#.
#.###...


You could see Robin, 4 hobgoblins and 7 goblins.

Vanquished Creatures
  An adder (D:2)
  An endoplasm (D:2)
  4 giant cockroaches
  2 goblins
  2 hobgoblins
  4 kobolds
  2 bats (D:1)
  A frilled lizard (D:1)
  7 rats
24 creatures vanquished.

Notes
Turn   | Place    | Note
-------+----------+-------------------------------------------
     0 | D:1      | ytrimaz the Octopode Transmuter began the quest for the
                  | Orb.
     0 | D:1      | Reached XP level 1. HP: 13/13 MP: 3/3
   419 | D:1      | Reached XP level 2. HP: 18/18 MP: 5/5
   467 | D:1      | Learned a level 2 spell: Wereblood
   504 | D:1      | Found a faded altar of an unknown god.
   522 | D:1      | Found a faded altar of an unknown god.
  1572 | D:2      | Reached XP level 3. HP: 17/23 MP: 6/6
  1576 | D:2      | Learned a level 3 spell: Spider Form
  1818 | D:2      | Noticed Robin
  1822 | D:2      | HP: 1/23 [goblin[Robin] (6)]
  1823 | D:2      | Slain by a goblin

Illustrated notes

Levels and vault maps discovered:
D:1:      nagdon_arrival_double_spiral, layout_basic,
          hellmonk_ecumenical_altar_the_god_not_taken
D:2:      layout_loops_cross, uniq_robin, uniq_jessica, uniq_sigmund

Action                   || total
-------------------------++-------
Melee: Unarmed           ||    54
       Constrict         ||    14
       Tentacles         ||    10
       Kick              ||     1
       Punch             ||     1
 Cast: Beastly Appendage ||     5
  Use: Scroll            ||     3
 Stab: Sleeping          ||     5
Armor: Skin              ||     3
Dodge: Dodged            ||    29

Table legend: (Time is in decaauts)
 A = Elapsed time spent in this place.
 B = Non-inter-level travel time spent in this place.
 C = Inter-level travel time spent in this place.
 D = Time resting spent in this place.
 E = Time spent auto-exploring this place.
 F = Levels seen in this place.
 G = Mean time per level.
                   A        B        C        D        E       F      G
               +--------+--------+--------+--------+--------+-----+--------+
         Total |   1819 |   1697 |    122 |      0 |   1514 |   2 |  909.5 |
       Dungeon |   1819 |   1697 |    122 |      0 |   1514 |   2 |  909.5 |
               +--------+--------+--------+--------+--------+-----+--------+

Top non-repeatable levels by time:
     D:1: 1529 daAuts
     D:2: 290 daAuts
